 Dungeon Crawl Stone Soup version 0.31-a0-705-ga145531891 (webtiles) character file.

Game seed: 8247768861141867991

721 arthad the Firebug (level 7, -1/55 HPs)
             Began as a Yellow Draconian Fire Elementalist on Sept 9, 2023.
             Was an Initiate of Sif Muna.
             Slain by a black bear (4 damage)
             ... on level 5 of the Dungeon.
             The game lasted 00:13:39 (4656 turns).

arthad the Firebug (DrFE)                           Turns: 4656, Time: 00:13:40

Health: -1/55      AC:  6    Str: 16    XL:     7   Next: 43%
Magic:  1/12       EV: 12    Int: 18    God:    Sif Muna [......]
Gold:   132        SH:  0    Dex: 11    Spells: 7/13 levels left

rFire   . . .        b - +1 mace (drain)
rCold   . . .        (no shield)
rNeg    . . .        (body armour unavailable)
rPois   .            (helmet restricted)
rElec   .            (no cloak)
rCorr   +            (no gloves)
SInv    .            (no boots)
Will    .....        (no amulet)
Stlth   ++           r - +6 ring of strength
HPRegen 0.29/turn    (no ring)
MPRegen 0.13/turn

%: no passive effects
@: short of breath, on berserk cooldown, slowed, very slow
A: spit acid, AC +6, unfitting armour, cold-blooded, acid resistance
a: Breathe Acid, Renounce Religion


You were on level 5 of the Dungeon.
You worshipped Sif Muna.
Sif Muna was noncommittal.
You visited 2 branches of the dungeon, and saw 6 of its levels.

You collected 180 gold pieces.
You spent 48 gold pieces at shops.

Inventory:

Hand Weapons
 b - a +1 mace of draining (weapon)
 s - a +0 sling of draining
 u - a +1 war axe of electrocution
Missiles
 d - 9 poisoned darts
 i - 4 javelins
Jewellery
 r - a +6 ring of strength (left hand)
Wands
 m - a wand of flame (11)
Scrolls
 c - a scroll of silence {unknown}
 g - 6 scrolls of identify
 h - a scroll of amnesia {unknown}
 k - a scroll of brand weapon {unknown}
 l - 3 scrolls of revelation {unknown}
 o - a scroll of fear {unknown}
 p - 3 scrolls of noise {unknown}
 q - a scroll of poison {unknown}
 t - a scroll of teleportation {unknown}
 w - a scroll of butterflies {unknown}
 x - a scroll of immolation {unknown}
Potions
 a - a potion of magic
 e - 2 potions of berserk rage
 f - 3 potions of curing {unknown}
 j - 2 potions of brilliance {unknown}
 n - 2 potions of heal wounds {unknown}
 v - a potion of mutation {unknown}


   Skills:
 + Level 2.0 Fighting
 + Level 3.0 Dodging
 + Level 3.4 Stealth
 * Level 3.7 Spellcasting
 * Level 3.6 Conjurations
 + Level 1.3 Hexes
 + Level 1.3 Translocations
 * Level 4.6 Fire Magic


You had 7 spell levels left.
You knew the following spells:

 Your Spells              Type           Power      Damage    Failure   Level
a - Foxfire               Conj/Fire      72%        2x1d7     2%          1
b - Scorch                Fire           40%        2d6       3%          2
c - Volatile Blastmotes   Fire/Tloc      28%        2d12      13%         3

Your spell library contained the following spells:

 Spells                   Type           Power      Damage    Failure   Level
 Slow                     Hex            32%        N/A       9%          1
 Inner Flame              Hex/Fire       14%        N/A       13%         3
 Confusing Touch          Hex            8%         N/A       26%         3
 Sigil of Binding         Hex            8%         N/A       26%         3
 Flame Wave               Conj/Fire      18%        2d7       26%         4
 Vampiric Draining        Necr           3%         2d6       41%         3
 Conjure Ball Lightning   Conj/Air       4%         3x3d6     100%        6
 Discord                  Hex            4%         N/A       100%        8
 Disjunction              Tloc           4%         N/A       100%        8


Dungeon Overview and Level Annotations

Branches:
Dungeon (5/15)             Temple (1/1) D:5

Altars:
Ashenzari
Cheibriados
Dithmenos
Elyvilon
Fedhas
Kikubaaqudgha
Okawaru
Qazlal
Ru
Sif Muna
Trog
Uskayaw
Wu Jian
Xom
Yredelemnul
Zin

Shops:
D:3 *


Innate Abilities, Weirdness & Mutations

You can spit globs of acid.
Your golden yellow scales are hard. (AC +6)
You cannot fit into any form of body armour.
You are cold-blooded and may be slowed by cold attacks.
You are resistant to acid. (rCorr)


Message History

Press: ? - help, Shift-Dir - straight line You spit a glob of acid.
The glob of acid hits the black bear!!
The acid corrodes the black bear!
The black bear is severely wounded.
The black bear bites you. The black bear closely misses you.
The black bear misses you.
Casting: Foxfire (safe; 2% risk of failure)
Press: ? - help, Q - select action, (/) - cycle Dir - look around, f - activate You conjure some foxfire!
The black bear bites you.
The black bear claws you but does no damage.
The black bear closely misses you.
The black bear goes berserk!
Your foxfire dissipates!
The foxfire hits the black bear.
The black bear is severely wounded.
The black bear bites you. The black bear claws you.
* * * LOW HITPOINT WARNING * * *
The black bear claws you.
* * * LOW HITPOINT WARNING * * *
Casting: Foxfire (safe; 2% risk of failure)
Press: ? - help, Q - select action, (/) - cycle Dir - look around, f - activate You conjure some foxfire!
The black bear misses you. The black bear claws you.
* * * LOW HITPOINT WARNING * * *
The black bear claws you.
* * * LOW HITPOINT WARNING * * *
The black bear bites you.
* * * LOW HITPOINT WARNING * * *
The black bear claws you.
* * * LOW HITPOINT WARNING * * *
The black bear claws you.
* * * LOW HITPOINT WARNING * * *
You hit the black bear but do no damage.
The black bear is severely wounded.
The foxfire hits the black bear.
The black bear is almost dead.
The foxfire hits the black bear.
The black bear is almost dead.
The black bear bites you.
You die...

#. #. #.. ## # ##..
##.$. # '#.... ###...
# .o....##$.> #
#........###### ###
#......)...Jh.## # ##
#.. #..)..#######@§#
#..# #.# #..<.
##§#### #.## #.. ....
#####....####..####..
.>.
#....................
..
#.######..###......##
. ###..#...###.#
#...#..#.#...# ##
#..##......### ##.##
#''######..#


You could see a black bear (berserk, corroded) and a jelly.

Vanquished Creatures
  A black bear (D:4)
  An ogre (D:5)
  A phantom (D:5)
  A scorpion (D:5)
  2 jellies
  A hound (D:5)
  5 iguanas
  6 adders
  A shadow imp (D:5)
  2 ufetubi (D:5)
  3 worms (D:2)
  2 dart slugs
  14 orcs
  6 endoplasms
  3 giant cockroaches
  8 goblins
  6 hobgoblins
  2 jackals (D:2)
  4 quokkas
  8 ball pythons
  3 bats
  2 frilled lizards
  10 kobolds
  11 rats
103 creatures vanquished.

Vanquished Creatures (others)
  379 foxfires
379 creatures vanquished.

Grand Total: 482 creatures vanquished

Notes
Turn   | Place    | Note
-------+----------+-------------------------------------------
     0 | D:1      | arthad the Draconian Fire Elementalist began the quest for
                  | the Orb.
     0 | D:1      | Reached XP level 1. HP: 14/14 MP: 3/3
   187 | D:1      | Found a faded altar of an unknown god.
   234 | D:1      | Reached XP level 2. HP: 20/20 MP: 3/5
   961 | D:2      | Reached XP level 3. HP: 26/26 MP: 2/6
  1411 | D:2      | Found a stormy altar of Qazlal.
  1662 | D:2      | Reached XP level 4. HP: 33/33 MP: 4/7
  1794 | D:2      | Learned a level 2 spell: Scorch
  1798 | D:2      | Learned a level 3 spell: Volatile Blastmotes
  1870 | D:3      | Found Syrph's Assorted Antiques.
  1958 | D:3      | Bought a scroll labelled JUGECS TUALUE for 24 gold pieces
  1958 | D:3      | Bought a scroll labelled BATUISODOU for 24 gold pieces
  2745 | D:4      | Reached XP level 5. HP: 36/39 MP: 0/9
  3491 | D:4      | Noticed a black bear
  3501 | D:4      | Killed a black bear
  3502 | D:4      | Reached skill level 1 in Fighting
  3502 | D:4      | Reached skill level 4 in Fire Magic
  3502 | D:4      | Reached XP level 6. HP: 47/47 MP: 2/10
  3792 | D:4      | Found an ornate altar of the Wu Jian Council.
  3971 | D:5      | Entered Level 5 of the Dungeon
  4186 | D:5      | Reached skill level 1 in Hexes
  4186 | D:5      | Reached skill level 1 in Translocations
  4332 | D:5      | Your scales start taking on a golden yellow colour.
  4332 | D:5      | Reached XP level 7. HP: 36/53 MP: 2/12
  4332 | D:5      | Gained mutation: You are resistant to acid. (rCorr) [Yellow
                  | Draconian growth]
  4495 | D:5      | Found a staircase to the Ecumenical Temple.
  4501 | Temple   | Entered the Ecumenical Temple
  4524 | Temple   | Became a worshipper of Sif Muna the Loreminder
  4599 | D:5      | Found a sacrificial altar of Ru.
  4600 | D:5      | Found a shadowy altar of Dithmenos.
  4655 | D:5      | HP: 2/55 [black bear (2)]
  4656 | D:5      | Slain by a black bear

Illustrated notes

Levels and vault maps discovered:
D:1:      matt_arrival_refuge, layout_basic, dreamdust_ecumenical_altar_grove
D:2:      layout_rooms, basic_altar, kennysheep_generic_room_5
D:3:      kennysheep_big_flooded_room, layout_rooms, serial_shops, shop,
          minivault_11
D:4:      layout_loops_ring, kennysheep_mini, grunt_ministairs_10
D:5:      minmay_inner_zag, layout_rooms, gammafunk_temple_overflow_wave,
          minmay_temple_entry_fiery, st_stairs_5, fountainhead,
          minmay_joined_circles, uniq_duvessa
Temple:   nicolae_temple_bog_church

Skill      XL: |  1  2  3  4  5  6  7 |
---------------+----------------------+-----
Stealth        | 2 3 |  3.4
Dodging        | 2 3 |  3.0
Conjurations   | 2 3 |  3.6
Fighting       | 1 2 |  2.0
Spellcasting   | 3 |  3.7
Fire Magic     | 4 |  4.6
Hexes          | 1 |  1.3
Translocations | 1 |  1.3

Action                     |  1- 3 |  4- 6 |  7- 9 || total
---------------------------+-------+-------+-------++-------
  Melee: Unarmed           |     4 |       |       ||     4
         Tailslap          |     5 |     3 |       ||     8
         Mace              |    14 |    21 |    13 ||    48
         Punch             |       |     1 |       ||     1
   Cast: Foxfire           |    84 |   122 |    16 ||   222
         Scorch            |       |    11 |     2 ||    13
Ability: Breathe Acid      |       |       |     1 ||     1
    Use: Scroll            |       |     1 |       ||     1
         Potion            |       |       |     1 ||     1
 Armour: Skin              |    19 |    32 |    22 ||    73
  Dodge: Dodged            |    24 |    42 |    11 ||    77

Table legend: (Time is in decaauts)
 A = Elapsed time spent in this place.
 B = Non-inter-level travel time spent in this place.
 C = Inter-level travel time spent in this place.
 D = Time resting spent in this place.
 E = Time spent auto-exploring this place.
 F = Levels seen in this place.
 G = Mean time per level.
                   A        B        C        D        E       F      G
               +--------+--------+--------+--------+--------+-----+--------+
         Total |   4673 |   4549 |    124 |      2 |   3879 |   6 |  778.8 |
       Dungeon |   4640 |   4548 |     92 |      2 |   3879 |   5 |  928.0 |
        Temple |     32 |      1 |     31 |      0 |      0 |   1 |   32.0 |
               +--------+--------+--------+--------+--------+-----+--------+

Top non-repeatable levels by time:
     D:4: 1283 daAuts
     D:1: 958 daAuts
     D:2: 907 daAuts
     D:3: 834 daAuts
     D:5: 657 daAuts
  Temple: 32 daAuts
